 Dungeon Crawl Stone Soup version 0.19-a0-1908-g43c011f (webtiles) character file.

104 Naow the Ruffian (level 4, -4/45 HPs)
             Began as a Troll Fighter on Oct 22, 2016.
             Slain by a gnoll
             ... wielding a +0 halberd
              (8 damage)
             ... on level 3 of the Dungeon.
             The game lasted 00:02:59 (1677 turns).

Naow the Ruffian (Troll Fighter)                    Turns: 1677, Time: 00:03:00

Health: -4/45      AC:  6    Str: 25    XL:     4   Next: 52%
Magic:  3/3        EV:  8    Int:  4    God:
Gold:   90         SH:  9    Dex:  9    Spells: 0 memorised, 3 levels left

rFire  . . .     SeeInvis .       - Unarmed
rCold  . . .     Gourm    +     a - +0 robe
rNeg   . . .     Faith    .     b - +0 shield
rPois  .         Spirit   .     (helmet restricted)
rElec  .         Reflect  .     n - +0 cloak
rCorr  .         Harm     .     (gloves unavailable)
MR     .....                    (boots unavailable)
Stlth  +.........               (no amulet)
                                (no ring)
                                (no ring)

@: no status effects
A: unfitting armour, claws 3, fast metabolism 3, gourmand, regeneration 1,
shaggy fur 1, tough skin 2
a: no special abilities


You were on level 3 of the Dungeon.
You were completely stuffed.

You visited 1 branch of the dungeon, and saw 3 of its levels.

You collected 90 gold pieces.

Inventory:

Missiles
 m - 14 poisoned needles
Armour
 a - a +0 robe (worn)
 b - a +0 shield (worn)
 n - a +0 cloak (worn)
Jewellery
 u - an uncursed ring of ice {unknown}
Wands
 k - a wand of teleportation (3/9)
Scrolls
 f - 3 scrolls of identify {unknown}
 i - a scroll of random uselessness {unknown}
 l - 2 scrolls of enchant weapon {unknown}
 p - a scroll of recharging {unknown}
 t - a scroll of amnesia {unknown}
Potions
 c - a potion of might
 e - 4 potions of curing {unknown}
 h - a potion of agility {unknown}
 o - a potion of brilliance {unknown}
 s - a potion of heal wounds {unknown}
Comestibles
 d - 3 bread rations
 g - 4 fruits
 j - a royal jelly
 q - a chunk of flesh
 r - 2 meat rations


   Skills:
 + Level 3.0 Fighting
 + Level 3.0 Dodging
 + Level 2.8 Shields
 * Level 3.1 Unarmed Combat


You had 3 spell levels left.
You didn't know any spells.

Dungeon Overview and Level Annotations

Branches:
Dungeon (3/15)

Altars:
The Shining One


Innate Abilities, Weirdness & Mutations

You are too large for most types of armour.
You have claws for hands.
Your metabolism is lightning-fast.
You like to eat raw meat.
Your natural rate of healing is unusually fast.
You are covered in fur. (AC +1)
You have very tough skin. (AC +2)


Message History

You claw the gnoll!
You kill the gnoll!
You block the gnoll's attack. The gnoll hits you with a whip.
The gnoll barely misses you.
You scratch the gnoll.
The gnoll is moderately wounded.
The gnoll barely misses you. You block the gnoll's attack.
The gnoll hits you from afar with a halberd.
* * * LOW HITPOINT WARNING * * *
You are too injured to fight recklessly!
You are too injured to fight recklessly!
You are too injured to fight recklessly!
You closely miss the gnoll. The gnoll barely misses you. x2
Okay, then.
You scratch the gnoll.
The gnoll is moderately wounded.
The gnoll hits you with a whip!
* * * LOW HITPOINT WARNING * * *
The gnoll hits you from afar with a halberd!
You die...

..#.##.......# ##.#####.#.#.#####
..#.###...##... #.......#.#.#####
..#.# ...# #.. #######.#........
..#.# #### .. #.###.###.# +##.###
######. #######.###.###.# .......
....... ................. .##.###
#.... #######.###.###.# ......+
#...g########.###.###.#
.##.###...#...gg@................
.# # #...#....#.........##......
.# #...#....#.######..##.###.. .#
#...#....#.# #..##.# #.. .# #
#...###+##.# #..##.# ### .##.#
#...# #.##.######..##.# ....#
#...# #...............#
.######...###.##.######..#..#
......'...'.................#


You could see 3 gnolls.

Vanquished Creatures
  A gnoll (D:3)
  3 adders
  4 oozes (D:1)
  2 worms
  4 giant cockroaches
  2 goblins
  5 hobgoblins
  7 jackals (D:1)
  7 bats
  2 frilled lizards
  3 kobolds
  6 rats
46 creatures vanquished.

Notes
Turn   | Place    | Note
-------+----------+-------------------------------------------
     0 | D:1      | Naow the Troll Fighter began the quest for the Orb.
     0 | D:1      | Reached XP level 1. HP: 22/22 MP: 0/0
     1 | D:1      | Found a runed door.
   246 | D:1      | Found a glowing golden altar of the Shining One.
   290 | D:1      | Reached XP level 2. HP: 29/29 MP: 1/1
   623 | D:1      | Reached XP level 3. HP: 33/36 MP: 2/2
  1045 | D:2      | Reached XP level 4. HP: 33/44 MP: 3/3
  1677 | D:3      | Slain by a gnoll

Vault maps used:
D:1:      dpeg_arrival_caged_fury, tso_metal_star
D:3:      uniq_grinder

Skill      XL: |  1  2  3  4 |
---------------+-------------+-----
Fighting       | 3 |  3.0
Unarmed Combat | 3 |  3.1
Dodging        | 3 |  3.0
Shields        | |  2.8

Action                   |  1- 3 |  4- 6 || total
-------------------------+-------+-------++-------
Melee: Unarmed           |   105 |    34 ||   139
  Eat: Chunk             |    15 |     6 ||    21
Armor: Robe              |    25 |    11 ||    36
Dodge: Dodged            |    40 |    15 ||    55
Block: Shield            |    49 |    19 ||    68
